 Dungeon Crawl Stone Soup version 0.22-a0-537-ge9e9f76342 (webtiles) character file.

206836 Deemzul the Unseen (level 18, -3/138 HPs)
             Began as an Octopode Fighter on June 23, 2018.
             Was the Champion of Dithmenos.
             Slain by a two-headed ogre
             ... wielding a +0 giant spiked club
              (29 damage)
             ... while paralysed by an ogre mage
             ... on level 1 of the Vaults.
             The game lasted 01:15:43 (42509 turns).

Deemzul the Unseen (Octopode Fighter)              Turns: 42509, Time: 01:15:44

Health: -3/138     AC:  3    Str: 30    XL:     18   Next: 73%
Magic:  26/26      EV:  2    Int: 14    God:    Dithmenos [******]
Gold:   1248       SH:  0    Dex: 22    Spells: 17/17 levels left

rFire    + + .     SeeInvis +     - Unarmed
rCold    + + +     Gourm    .   a - +1 shield
rNeg     . . .     Faith    .   (helmet restricted)
rPois    +         Spirit   .   n - amulet "Wavempal" {Reflect rElec rPois SH+4}
rElec    +         Reflect  +   F - ring "Vifusmim" {rC+ AC+1 Dex-4 Slay+3 SInv}
rCorr    .         Harm     .   T - ring of protection from cold
MR       +....                  j - ring of Dug Ciz {Wiz Int+3 Slay+5}
Stlth    ++++++++++             g - ring of Keoriruru {rF+ rC+ Str+5}
HPRegen  0.33/turn              H - +6 ring of dexterity
MPRegen  0.20/turn              U - +5 ring of strength
                                O - +4 ring of strength
                                C - ring of Jatujozaqy {rF+ SInv}

@: paralysed, slowed, wreathed by umbra, studying Throwing
A: almost no armour, stealthy swim, amphibious, 8 rings, constrict 8, rugged
brown scales 1, camouflage 1, agile 1, gelatinous body 1
}: 1/15 runes: decaying
a: Shadow Step, Shadow Form, Renounce Religion


You were on level 1 of the Vaults.
You worshipped Dithmenos.
Dithmenos was exalted by your worship.
You were not hungry.

You visited 6 branches of the dungeon, and saw 29 of its levels.
You also visited: Labyrinth, Sewer, Ossuary and Desolation.

You collected 3780 gold pieces.
You spent 2532 gold pieces at shops.

Inventory:

Hand Weapons
 e - the +9 hand crossbow "Ymonletz" {penet, rPois}
   (You found it in a labyrinth)

   Ammo fired by it will pass through the targets it hits, potentially hitting
   all targets in its path until it reaches maximum range.
   It protects you from poison.
Missiles
 Y - 163 bolts
Armour
 a - a +1 shield (worn)
Jewellery
 g - the ring of Keoriruru (on tentacle) {rF+ rC+ Str+5}
   (You bought it in a shop on level 2 of the Orcish Mines)

   [ring of protection from fire]

   It affects your strength (+5).
   It protects you from fire.
   It protects you from cold.
 j - the ring of Dug Ciz (on tentacle) {Wiz Int+3 Slay+5}
   (You bought it in a shop on level 8 of the Dungeon)

   [ring of wizardry]

   It improves your spell success rate.
   It affects your intelligence (+3).
   It affects your accuracy and damage with ranged weapons and melee attacks
   (+5).
 n - the amulet "Wavempal" (around mantle) {Reflect rElec rPois SH+4}
   (You found it on level 4 of the Dungeon)

   [amulet of reflection]

   It shields you and reflects attacks.
   It insulates you from electricity.
   It protects you from poison.
   It affects your SH (+4).
 C - the ring of Jatujozaqy (on tentacle) {rF+ SInv}
   (You bought it in a shop on level 8 of the Dungeon)

   [ring of see invisible]

   It protects you from fire.
   It lets you see invisible.
 F - the ring "Vifusmim" (left tentacle) {rC+ AC+1 Dex-4 Slay+3 SInv}
   (You bought it in a shop on level 14 of the Dungeon)

   [ring of protection]

   It affects your AC (+1).
   It affects your dexterity (-4).
   It affects your accuracy and damage with ranged weapons and melee attacks
   (+3).
   It protects you from cold.
   It lets you see invisible.
 G - the ring "Xeasi" {Wiz rElec rPois Int+6 Stlth+}
   (You found it in the Desolation of Salt)

   [ring of wizardry]

   It improves your spell success rate.
   It affects your intelligence (+6).
   It insulates you from electricity.
   It protects you from poison.
   It makes you more stealthy.
 H - a +6 ring of dexterity (on tentacle)
 O - a +4 ring of strength (on tentacle)
 T - a ring of protection from cold (right tentacle)
 U - a +5 ring of strength (on tentacle)
 Z - the amulet of the Air {Inacc +Fly rElec EV+5 RMsl}
   (You found it on level 15 of the Dungeon)

   [amulet of inaccuracy]

   It reduces the accuracy of all your attacks.
   It affects your evasion (+5).
   It insulates you from electricity.
   It lets you fly.
   It protects you from missiles.
Wands
 l - a wand of acid (2)
 o - a wand of random effects (60)
 u - a wand of polymorph (12)
 w - a wand of clouds (8)
 y - a wand of paralysis (31)
 I - a wand of disintegration (24)
 J - a wand of digging (20)
 M - a wand of iceblast (38)
 R - a wand of flame (28)
Scrolls
 d - 4 scrolls of fear
 h - 10 scrolls of identify
 k - 8 scrolls of fog
 p - 5 scrolls of blinking
 q - 12 scrolls of remove curse
 r - 2 scrolls of torment
 t - 7 scrolls of teleportation
 E - 5 scrolls of amnesia
 S - 4 scrolls of magic mapping
 X - 2 scrolls of enchant armour
Potions
 b - 5 potions of might
 f - 2 potions of resistance
 i - a potion of haste
 m - 8 potions of curing
 s - 2 potions of brilliance
 x - 4 potions of heal wounds
 A - 2 potions of magic
 B - 2 potions of agility
 D - 4 potions of mutation
 L - a potion of berserk rage
 N - 2 potions of ambrosia
 Q - 3 potions of cancellation
 V - a potion of invisibility
Books
 v - a manual of Throwing
Miscellaneous
 z - a phial of floods (inert)
 K - a phantom mirror
 P - a box of beasts
 W - a lamp of fire
Comestibles
 c - 64 rations


   Skills:
 * Level 15.3 Fighting
 * Level 15.4 Dodging
 * Level 20.4 Stealth
 + Level 10.8 Shields
 * Level 13.2 Unarmed Combat
 - Level 5.7 Invocations
 + Level 11.2 Evocations


You had 17 spell levels left.
You didn't know any spells.
Your spell library contained the following spells:

 Spells                   Type           Power        Failure   Level  Hunger
 Apportation              Tloc           #.....       19%         1    ##.....
 Bolt of Magma            Conj/Fire/Erth #.........   99%         5    ######.
 Confuse                  Hex            #.......     47%         3    ####...
 Invisibility             Hex            #.......     100%        6    #######
 Throw Frost              Conj/Ice       #.....       28%         2    ###....
 Venom Bolt               Conj/Pois      #.........   99%         5    ######.
 Summon Small Mammal      Summ           #...         19%         1    ##.....
 Bolt of Draining         Conj/Necr      #.........   99%         5    ######.
 Animate Skeleton         Necr           N/A          19%         1    ##.....
 Sticky Flame             Conj/Fire      #.......     86%         4    #####..
 Summon Ice Beast         Ice/Summ       #.......     86%         4    #####..
 Call Imp                 Summ           #.......     28%         2    ###....
 Tukima's Dance           Hex            #.......     47%         3    ####...
 Corpse Rot               Necr           N/A          28%         2    ###....
 Iron Shot                Conj/Erth      #.........   100%        6    #######
 Stone Arrow              Conj/Erth      #.....       47%         3    ####...
 Shock                    Conj/Air       #...         19%         1    ##.....
 Statue Form              Tmut/Erth      #........    100%        6    #######
 Confusing Touch          Hex            #.....       19%         1    ##.....
 Call Canine Familiar     Summ           #.......     47%         3    ####...
 Ensorcelled Hibernation  Hex/Ice        #.....       28%         2    ###....
 Summon Butterflies       Summ           #.......     19%         1    ##.....
 Shatter                  Erth           #.........   100%        9    #######
 Corona                   Hex            #......      19%         1    ##.....
 Alistair's Intoxication  Tmut/Pois      #.......     99%         5    ######.
 Conjure Ball Lightning   Conj/Air       #.........   100%        6    #######
 Orb of Destruction       Conj           #.........   100%        7    #######
 Leda's Liquefaction      Hex/Erth       #.........   86%         4    #####..
 Summon Hydra             Summ           #.........   100%        7    #######
 Iskenderun's Battlesphe  Conj/Chrm      #.......     99%         5    ######.
 Dazzling Spray           Conj/Hex       #.....       47%         3    ####...
 Summon Forest            Summ/Tloc      #.........   99%         5    ######.
 Summon Lightning Spire   Summ/Air       #.......     86%         4    #####..
 Summon Guardian Golem    Hex/Summ       #.......     47%         3    ####...
 Spellforged Servitor     Conj/Summ      #.........   100%        7    #######
 Hydra Form               Tmut           #.........   100%        6    #######
 Lesser Beckoning         Tloc           #.........   47%         3    ####...


Dungeon Overview and Level Annotations

Branches:
Dungeon (15/15)            Temple (1/1) D:5            Lair (6/6) D:9
  Swamp (4/4) Lair:3       Spider (0/4) Lair:3        Slime (0/5) Lair:5
    Orc (2/2) D:12            Elf (0/3) Orc:2        Vaults (1/5) D:14
 Depths (0/5) D:15

Altars:
Ashenzari
Cheibriados
Dithmenos
Elyvilon
Fedhas
Gozag
Hepliaklqana
Kikubaaqudgha
Makhleb
Nemelex Xobeh
Okawaru
Qazlal
Ru
Sif Muna
Trog
Uskayaw
Vehumet
Wu Jian
Xom
Yredelemnul
Zin
The Shining One
Beogh

Shops:
D:4 :   D:8 **!}   D:11 ?   D:14 =   Orc:2 %=[(

Annotations:
Lair:6 exclusion: 4 oklob plants
Swamp:1 2 transporters
Swamp:2 1 runed door, Tegir's ghost, adept SpEn
Orc:2 3 runed doors, MirrMurr's ghost, journeyman KoBe


Innate Abilities, Weirdness & Mutations

You cannot wear most types of armour.
You are very stealthy in the water. (Stealth+)
You are amphibious.
You can wear up to eight rings at the same time.
You can use your tentacles to constrict eight enemies at once.
Your skin changes colour to match your surroundings (Stealth+).
Your rubbery body absorbs attacks. (AC +1, EV +1)
You are partially covered in rugged brown scales. (AC +1, +3% HP)
You are agile. (Dex +2)


Message History

You closely miss the ogre mage. You tentacle-slap the ogre mage.
You squeeze the ogre mage.
The ogre mage is lightly wounded.
The ogre mage points at you and mumbles some strange words.
You suddenly lose the ability to move!
The two-headed ogre hits you with a giant spiked club! x2
A two-headed ogre comes into view. It is wielding two giant spiked clubs.
The ogre mage hits you with a halberd.
The two-headed ogre moves out of view.
The two-headed ogre hits you with a giant spiked club!!
The two-headed ogre barely misses you. The ogre mage hits you with a halberd!
An ogre comes into view. It is wielding a giant club.
The ogre mage hits you with a halberd!!
The two-headed ogre hits you with a giant spiked club!
The two-headed ogre barely misses you. The ogre mage hits you with a halberd!
The ogre mage hits you but does no damage.
The two-headed ogre hits you with a giant spiked club!!
* * * LOW HITPOINT WARNING * * *
You emit a cloud of dark smoke.
The two-headed ogre hits you with a giant spiked club!!
You die...

#............#..'..
#............#..#..
#............#..#..
#..###########.##).
#.))).......,###...
#..#........,#.....
#.§#........,#.....
#§§#........,###...
#O@#........,#.##..
#§O#......(.,+..#..
#.O###########..#..
#............#..+..
#.......######''###
#.......#,,.....,**
#.......#ccp..c.,,,
#.......######..,*,
#.......#*,,,..>,,,


You could see 2 two-headed ogres and an ogre mage.

Vanquished Creatures
  Rupert (Orc:2)
  3 thorn hunters (Swamp:4)
  Kirke (Swamp:2)
  A fire giant (D:15)
  Donald (Swamp:3)
  Roxanne (Swamp:2)
  A frost giant (D:15)
  An orc warlord (Orc:2)
  A ghost moth (shapeshifter) (D:15)
  A vault warden (Vaults:1)
  Aizul (Swamp:3)
  An ironheart preserver (Vaults:1)
  A minotaur (Lab)
  An ettin (D:15)
  A crystal guardian (Desolation)
  A fire dragon (D:15)
  4 yaktaur captains
  9 ragged hierophants (Desolation)
  Josephine (Lair:5)
  3 servants of whispers
  6 peacekeepers (Desolation)
  22 hydras
  Erolcha (Orc:1)
  5 catoblepae
  An ice dragon (D:15)
  3 ghost crabs
  3 ogre magi
  4 centaur warriors
  11 alligators
  7 death yaks
  2 death knights
  2 tengu warriors (D:15)
  16 two-headed ogres
  An orc high priest (Orc:2)
  Nergalle (D:11)
  A shadow wraith (D:14)
  4 skeletal warriors
  A shambling mangrove (Swamp:2)
  A flayed ghost (D:15)
  A deep troll (D:15)
  5 unseen horrors
  3 spriggan druids
  11 swamp dragons
  A phantasmal warrior (D:15)
  2 ironbrand convokers (Desolation)
  A deep elf archer (D:15)
  4 lindwurms
  5 orc knights
  4 cyclopes
  6 manticores
  2 orc sorcerers (Orc:2)
  2 centaur zombies (D:12)
  7 ugly things
  2 guardian serpents (Desolation)
  7 black mambas
  A torpor snail (Lair:5)
  14 spiny frogs
  A gargoyle (D:15)
  11 komodo dragons
  8 centaur skeletons
  3 freezing wraiths (D:15)
  A rime drake (Lair:1)
  A minotaur zombie (Lab)
  An efreet (D:13)
  9 trolls
  2 tengu conjurers (D:15)
  2 polar bears
  A wind drake (shapeshifter) (D:15)
  A troll (shapeshifter) (D:14)
  A meliai (D:15)
  A jumping spider (Lair:3)
  A hornet (shapeshifter) (Vaults:1)
  8 tyrant leeches
  A queen bee (D:9)
  56 saltlings
  22 blink frogs
  10 hornets
  5 dream sheep
  A harpy skeleton (D:15)
  10 hippogriffs
  8 bog bodies
  32 slime creatures
  8 spriggans
  74 yaks
  5 wyverns
  11 wraiths
  2 redbacks (Lair:3)
  8 shadows
  3 basilisks
  3 hogs (Swamp:2)
  A redback simulacrum (D:15)
  8 hungry ghosts
  2 wargs
  8 vampire mosquitoes
  23 insubstantial wisps
  16 water moccasins
  15 swamp worms
  5 acid dragons
  8 porcupines
  19 swamp drakes
  31 orc warriors
  7 sky beasts
  4 ice beasts
  3 necrophages
  16 ogres
  4 phantoms
  A boggart (shapeshifter) (D:15)
  6 wolves
  A boggart (D:15)
  12 centaurs
  3 eyes of draining
  15 crocodiles
  3 big kobolds
  2 wyvern zombies
  16 bullfrogs
  3 scorpions
  23 killer bees
  4 howler monkeys
  9 crimson imps
  8 hounds
  2 jellies (Lair:5)
  4 lava snakes (Lab)
  A quasit (D:11)
  A wyvern simulacrum (D:14)
  21 orc priests
  30 orc wizards
  5 iguanas
  12 worker ants
  A big kobold zombie (Ossuary)
  2 mummies (Ossuary)
  A worker ant zombie (D:11)
  18 adders
  3 gnolls
  2 shadow imps
  5 oozes
  An adder zombie (D:6)
  4 worms
  A dart slug (D:2)
  11 leopard geckos
  109 orcs
  3 ball pythons
  14 bats
  12 giant cockroaches
  3 gnoll zombies (Ossuary)
  10 goblins
  12 hobgoblins
  28 jackals
  19 kobolds
  3 quokkas
  8 frilled lizards
  4 goblin zombies (Ossuary)
  A hobgoblin zombie (Ossuary)
  A jackal zombie (D:7)
  3 leopard gecko skeletons
  A leopard gecko zombie (D:5)
  5 orc zombies (Ossuary)
  11 rats
  6 briar patches (Swamp:4)
  A plant (D:6)
1171 creatures vanquished.

Vanquished Creatures (collateral kills)
  A halazid warlock (Desolation)
  2 peacekeepers (Desolation)
  A servant of whispers (Desolation)
  4 ironbrand convokers (Desolation)
  3 guardian serpents (Desolation)
  A vault sentinel (Vaults:1)
  2 molten gargoyles (Desolation)
  A komodo dragon (shapeshifter) (Vaults:1)
  4 saltlings (Desolation)
  4 yaks
  An ogre (D:10)
  2 killer bees (D:9)
  An orc (Orc:2)
27 creatures vanquished.

Vanquished Creatures (others)
  2 cyclopes
  A molten gargoyle (Desolation)
  A spiny frog (Swamp:2)
  A centaur (D:6)
  8 killer bees (D:9)
  An orc (Orc:2)
  4 briar patches (Swamp:4)
  A butterfly (Lair:5)
  17 fungi
  11 plants (Lair:6)
  2 withered plants (Swamp:2)
49 creatures vanquished.

Grand Total: 1247 creatures vanquished

Notes
Turn   | Place    | Note
-------+----------+-------------------------------------------
     0 | D:1      | Deemzul the Octopode Fighter began the quest for the Orb.
     0 | D:1      | Reached XP level 1. HP: 16/16 MP: 1/1
   184 | D:1      | Reached skill level 1 in Stealth
   207 | D:1      | Reached XP level 2. HP: 18/21 MP: 2/2
   539 | D:1      | Reached XP level 3. HP: 26/26 MP: 3/3
   550 | D:1      | Reached skill level 2 in Stealth
  1027 | D:2      | Reached XP level 4. HP: 27/31 MP: 4/4
  1710 | D:3      | Reached skill level 3 in Stealth
  1710 | D:3      | Reached XP level 5. HP: 25/37 MP: 5/5
  1801 | D:3      | Found a shadowy altar of Dithmenos.
  1809 | D:3      | Became a worshipper of Dithmenos the Shadowed
  2009 | D:3      | Noticed a big kobold
  2021 | D:3      | Killed a big kobold
  2021 | D:3      | Reached skill level 4 in Stealth
  2021 | D:3      | Reached XP level 6. HP: 14/43 MP: 6/6
  2385 | D:3      | You fall through a shaft!
  2385 | D:4      | Found Loaga's Book Boutique.
  2532 | D:3      | Found a shattered altar of Ashenzari.
  2636 | D:4      | Reached * piety under Dithmenos
  2723 | D:4      | Got a flickering brass amulet
  2780 | D:4      | Identified the amulet "Wavempal" {Reflect rElec rPois SH+4} (You found it on level 4 of the Dungeon)
  3025 | D:4      | Reached skill level 5 in Stealth
  3042 | D:4      | Found a glowing golden altar of the Shining One.
  3061 | D:4      | Reached XP level 7. HP: 47/49 MP: 7/7
  3355 | D:5      | Entered Level 5 of the Dungeon
  3419 | D:5      | Reached ** piety under Dithmenos
  3451 | D:5      | Reached skill level 5 in Fighting
  3451 | D:5      | Reached skill level 5 in Dodging
  3766 | D:4      | Reached skill level 6 in Stealth
  3986 | D:4      | Reached XP level 8. HP: 45/55 MP: 8/8
  4068 | D:5      | Found a white marble altar of Elyvilon.
  4204 | D:5      | Found a staircase to the Ecumenical Temple.
  4213 | D:5      | Reached skill level 7 in Stealth
  4245 | Temple   | Entered the Ecumenical Temple
  4597 | D:6      | Found an iron altar of Okawaru.
  4760 | D:6      | Reached skill level 8 in Stealth
  4820 | D:6      | Found a glowing drain.
  4824 | Sewer    | Entered a sewer
  4937 | Sewer    | Reached *** piety under Dithmenos
  4937 | Sewer    | Reached XP level 9. HP: 58/63 MP: 9/9
  5363 | D:6      | Found a burning altar of Makhleb.
  5372 | D:6      | Found a shimmering altar of Xom.
  5372 | D:6      | Found a sacrificial altar of Ru.
  5405 | D:6      | Noticed Prince Ribbit
  5445 | D:6      | Noticed Prince Ribbit
  5445 | D:6      | Prince Ribbit changed into Prince Ribbit the yak
  5460 | D:6      | Killed Prince Ribbit the yak
  5578 | D:6      | Reached skill level 1 in Evocations
  5656 | D:6      | Found an ornate altar of the Wu Jian Council.
  5656 | D:6      | Found a hazy altar of Hepliaklqana.
  5799 | D:6      | Reached skill level 9 in Stealth
  6010 | D:7      | Found a sand-covered staircase.
  6089 | Ossuary  | Entered an ossuary
  6306 | D:7      | Reached skill level 5 in Unarmed Combat
  6461 | D:7      | Found a glowing silver altar of Zin.
  6487 | D:7      | Found a deep blue altar of Sif Muna.
  6654 | D:7      | Reached **** piety under Dithmenos
  7144 | D:8      | Found Neucich's Gadget Shoppe.
  7148 | D:8      | Bought a phial of floods for 480 gold pieces
  7178 | D:8      | Found Ogiug's Distillery.
  7185 | D:8      | Bought a potion of heal wounds for 60 gold pieces
  7185 | D:8      | Bought a potion of curing for 36 gold pieces
  7185 | D:8      | Bought a potion of agility for 48 gold pieces
  7281 | D:8      | Reached skill level 10 in Stealth
  7340 | D:8      | Noticed a two-headed ogre
  7426 | D:9      | Reached XP level 10. HP: 71/71 MP: 11/11
  7530 | D:9      | Noticed a two-headed ogre
  7549 | D:9      | Killed a two-headed ogre
  7858 | D:9      | Reached skill level 11 in Stealth
  8166 | D:9      | Found a basalt altar of Yredelemnul.
  8372 | D:9      | Reached ***** piety under Dithmenos
  8431 | D:9      | Reached XP level 11. HP: 35/78 MP: 14/14
  8732 | D:10     | Entered Level 10 of the Dungeon
  9069 | D:11     | Noticed a seven-headed hydra
  9103 | D:11     | Found a sacrificial altar of Ru.
  9137 | D:11     | Noticed a cyclops
  9226 | D:10     | Reached skill level 5 in Shields
  9894 | D:10     | Noticed a two-headed ogre
  9903 | D:10     | Killed a two-headed ogre
  9903 | D:10     | Reached skill level 12 in Stealth
 10391 | D:10     | Found a stormy altar of Qazlal.
 10856 | D:9      | Noticed a two-headed ogre
 10885 | D:9      | Killed a two-headed ogre
 10885 | D:9      | Reached skill level 5 in Evocations
 11105 | D:9      | Found a staircase to the Lair.
 11178 | Lair:1   | Entered Level 1 of the Lair of Beasts
 11729 | Lair:1   | Reached XP level 12. HP: 74/87 MP: 16/16
 11800 | Lair:1   | Reached skill level 13 in Stealth
 12064 | Lair:1   | Reached skill level 10 in Dodging
 12125 | Lair:1   | Reached skill level 10 in Fighting
 12235 | Lair:2   | Noticed a death yak
 13665 | Lair:3   | Found a staircase to the Swamp.
 13704 | Lair:3   | Found a hole to the Spider Nest.
 15195 | Lair:4   | Reached skill level 14 in Stealth
 15226 | Lair:4   | Found an iron altar of Okawaru.
 15232 | Lair:4   | Noticed an eight-headed hydra
 15276 | Lair:4   | Reached ****** piety under Dithmenos
 15944 | Lair:4   | Killed an eight-headed hydra
 16271 | Lair:5   | Reached XP level 13. HP: 81/94 MP: 17/17
 16304 | Lair:5   | Noticed Josephine
 16540 | Lair:5   | Killed Josephine
 17287 | Lair:5   | Found a staircase to the Slime Pits.
 17340 | Lair:5   | Gained mutation: You are partially covered in rugged brown scales. (AC +1, +3% HP) [potion of mutation]
 17340 | Lair:5   | Gained mutation: You are agile. (Dex +2) [potion of mutation]
 17725 | Lair:6   | Entered Level 6 of the Lair of Beasts
 18115 | Lair:6   | Found a sparkling altar of Nemelex Xobeh.
 18391 | Lair:6   | Reached skill level 15 in Stealth
 19871 | Lair:5   | Reached XP level 14. HP: 48/105 MP: 19/19
 21085 | Lair:6   | Reached skill level 16 in Stealth
 21642 | Lair:6   | Got a coiled platinum ring
 21648 | Lair:6   | Identified the ring "Heroppas" {rElec rF- Str+3 Int+3} (You found it on level 6 of the Lair of Beasts)
 22432 | D:8      | Found Piablum's Assorted Antiques.
 22443 | D:8      | Bought a fine glass ring for 125 gold pieces
 22443 | D:8      | Bought a scorched lapis lazuli ring for 125 gold pieces
 22443 | D:8      | Bought 2 scrolls labeled OSHRITO WOETES for 50 gold pieces
 22444 | D:8      | Identified the ring of Dug Ciz {Wiz Int+3 Slay+5} (You bought it in a shop on level 8 of the Dungeon)
 22446 | D:8      | Identified the ring of Jatujozaqy {rF+ SInv} (You bought it in a shop on level 8 of the Dungeon)
 22605 | D:8      | Found Hiyvilue's Assorted Antiques.
 22613 | D:8      | Bought a scroll labeled XIKEM SUNKYAPU for 22 gold pieces
 22614 | D:8      | Bought a blue potion for 19 gold pieces
 22614 | D:8      | Bought a scratched sapphire ring for 110 gold pieces
 23302 | D:11     | Found Ibla's Magic Scroll Emporium.
 23321 | D:11     | Bought a scroll of noise for 13 gold pieces
 23651 | D:11     | Noticed Nergalle
 23664 | D:11     | Killed Nergalle
 23669 | D:11     | Reached skill level 1 in Invocations
 23898 | D:12     | Found a staircase to the Orcish Mines.
 23900 | D:12     | Found a roughly hewn altar of Beogh.
 23939 | Orc:1    | Entered Level 1 of the Orcish Mines
 23943 | Orc:1    | Noticed Erolcha
 23954 | Orc:1    | Killed Erolcha
 24161 | Orc:1    | Found a burning altar of Makhleb.
 24257 | Orc:2    | Entered Level 2 of the Orcish Mines
 24257 | Orc:2    | Noticed Rupert
 24263 | Orc:2    | Killed Rupert
 24362 | Orc:2    | Found Qoacyt's Food Emporium.
 24414 | Orc:2    | Found a roughly hewn altar of Beogh.
 24421 | Orc:2    | Found Rietismi's Jewellery Shop.
 24460 | Orc:2    | Paralysed by an orc sorcerer for 2 turns
 24676 | Orc:2    | Found a runed gate.
 24677 | Orc:2    | Found a runed gate.
 24678 | Orc:2    | Found a runed gate.
 24688 | Orc:2    | Found a labyrinth entrance.
 24707 | Lab      | Entered a labyrinth
 24933 | Lab      | Reached XP level 15. HP: 48/112 MP: 21/21
 25092 | Lab      | Got an ancient hand crossbow
 25092 | Lab      | Got a steaming glaive
 25105 | Orc:2    | Identified the +9 hand crossbow "Ymonletz" {penet, rPois} (You found it in a labyrinth)
 25111 | Orc:2    | Identified the cursed +0 glaive "Fybroadd" {flame, Int+4} (You found it in a labyrinth)
 25256 | Orc:2    | Found a roughly hewn altar of Beogh.
 25301 | Orc:2    | Found a staircase to the Elven Halls.
 25360 | Orc:2    | Found a roughly hewn altar of Beogh.
 25430 | Orc:2    | Found a roughly hewn altar of Beogh.
 25545 | Orc:2    | Noticed MirrMurr's ghost (journeyman KoBe)
 25577 | Orc:2    | Found a roughly hewn altar of Beogh.
 25645 | Orc:2    | Found a roughly hewn altar of Beogh.
 25702 | Orc:2    | Noticed an orc warlord
 25734 | Orc:2    | Killed an orc warlord
 25917 | Orc:2    | Reached skill level 17 in Stealth
 26508 | Orc:2    | Found Cafut's Antique Armour Emporium.
 26509 | Orc:2    | Found a roughly hewn altar of Beogh.
 26517 | Orc:2    | Found Qedgh's Antique Weapon Shoppe.
 26534 | Orc:2    | Bought a shiny buckler for 172 gold pieces
 26614 | Orc:2    | Bought the ring of Keoriruru {rF+ rC+ Str+5} for 841 gold pieces
 27250 | D:12     | Got a pitted bone amulet
 27763 | D:13     | Reached skill level 10 in Unarmed Combat
 28452 | D:13     | Identified a scroll of acquirement
 28552 | D:13     | Identified the amulet "Inla Eti" {Acrobat Dex+4 Slay-3} (You took it off a centaur on level 12 of the Dungeon)
 28974 | D:14     | Found Fafatt's Jewellery Boutique.
 29277 | D:14     | Bought the ring "Vifusmim" {rC+ AC+1 Dex-4 Slay+3 SInv} for 431 gold pieces
 29555 | D:14     | Found a gate to the Vaults.
 29629 | D:15     | Entered Level 15 of the Dungeon
 29843 | D:15     | Found a staircase to the Depths.
 30034 | D:15     | Found an iron altar of Okawaru.
 30035 | D:15     | Found a blossoming altar of Fedhas.
 30035 | D:15     | Found a white marble altar of Elyvilon.
 30088 | D:15     | Reached XP level 16. HP: 120/120 MP: 23/23
 30292 | D:15     | Reached skill level 18 in Stealth
 31813 | D:15     | Reached skill level 5 in Invocations
 31840 | D:15     | Found the amulet of the Air {Inacc +Fly rElec EV+5 RMsl}
 32678 | Swamp:1  | Entered Level 1 of the Swamp
 32845 | Swamp:1  | Found a transporter.
 33181 | Swamp:2  | Noticed Kirke
 33249 | Swamp:2  | Killed Kirke
 33526 | Swamp:1  | Found a transporter.
 33753 | Swamp:1  | Reached skill level 10 in Evocations
 33928 | Swamp:2  | Noticed Roxanne
 34114 | Swamp:2  | Killed Roxanne
 34685 | Swamp:2  | Reached XP level 17. HP: 128/128 MP: 24/24
 34859 | Swamp:2  | Found a runed door.
 34860 | Swamp:2  | Noticed Tegir's ghost (adept SpEn)
 35040 | Swamp:3  | Noticed Donald
 35048 | Swamp:3  | Killed Donald
 35491 | Swamp:3  | Noticed Aizul
 35535 | Swamp:3  | Killed Aizul
 35904 | Swamp:3  | Reached skill level 19 in Stealth
 36130 | Swamp:3  | Reached skill level 10 in Shields
 36571 | Swamp:4  | Entered Level 4 of the Swamp
 39053 | Swamp:4  | Got a decaying rune of Zot
 39500 | Vaults:1 | Entered Level 1 of the Vaults
 39535 | Vaults:1 | Found a ruined gateway.
 39579 | Desolati | Entered the Desolation of Salt
 39616 | Desolati | Reached XP level 18. HP: 77/135 MP: 26/26
 39629 | Desolati | Reached skill level 15 in Dodging
 40013 | Desolati | Found the +7 longbow "Piercer" {penet, EV-2}
 40039 | Desolati | Identified the Tome of Attacks
 40272 | Desolati | Reached skill level 20 in Stealth
 40354 | Desolati | Reached skill level 15 in Fighting
 41063 | Desolati | Got a fine marble ring
 41064 | Desolati | Identified the ring of the Frog {+Blink rF+ rN+ MR+ Dex-4} (You found it in the Desolation of Salt)
 41111 | Desolati | Found the +6 Majin-Bo {vamp, Archmagi MP+6 Int+6}
 41131 | Desolati | Got an ichor-stained whip
 41140 | Desolati | Got a brightly glowing hand axe
 41266 | Desolati | Got a heavily runed ivory ring
 41267 | Desolati | Identified the ring "Xeasi" {Wiz rElec rPois Int+6 Stlth+} (You found it in the Desolation of Salt)
 41270 | Desolati | Got a jewelled whip
 41279 | Desolati | Got a translucent silver ring
 41280 | Desolati | Identified the ring of Surprise {Fire MR++ MP+9 Int-4} (You found it in the Desolation of Salt)
 42506 | Vaults:1 | Paralysed by an ogre mage for 7 turns
 42509 | Vaults:1 | Slain by a two-headed ogre

Vault maps used:
D:1:      minmay_arrival_wavy_path
D:3:      cheibrodos_thug_alley, lemuel_doored_altar,
          nicolae_overflow_hidden_temple
D:4:      tso_metal_star, first_ration, serial_shops, shop
D:5:      kennysheep_mini_moat, minmay_temple_entry_glassed_door
D:6:      okawaru_ov_weapons_minmay, gammafunk_temple_overflow_forgotten,
          gammafunk_temple_overflow_statue, gup_sewer_entry_spiral,
          uniq_prince_ribbit1
D:7:      kennysheep_mini, overflow_temple_1_default,
          nicolae_ossuary_entry_ruins, grunt_ogre_cave
D:8:      serial_shops, shop, shop, shop, shop
D:9:      lemuel_round_altar, erik_lair_dragon, special_room
D:10:     grunt_qazlal_clouds
D:11:     serial_shops, shop_coins, nicolae_ru_sacrificial_ziggurat,
          uniq_nergalle
D:12:     minmay_orc_entry_temple_small
D:14:     david_vaults_4, kennysheep_diamond
D:15:     hangedman_slaughterboxes
Temple:   compressed_dpeg_triangle_lava_temple
Lair:1:   infiniplex_staircase_pool
Lair:2:   infiniplex_staircase_pool_2
Lair:3:   swamp_mist_pool, spider_nest_entry_funnel_web, grunt_megastairs_1
Lair:4:   basic_altar, serial_bayou_shore_b
Lair:5:   nicolae_slime_entry_slimehenge, st_stairs_11, roderic_batcave,
          lemuel_fruit_fields, lemuel_fruit_tree, lemuel_fruit_fields,
          uniq_josephine
Lair:6:   evilmike_catoblepas_cave, basic_altar, grunt_megastairs_5,
          minmay_lair_oklob_chamber
Swamp:1:  gammafunk_its_a_trap, hangedman_swamp_lotus, swamp_pool3
Swamp:2:  ebering_ghost_funeral_grove, hangedman_swamp_cone, uniq_roxanne,
          uniq_kirke
Swamp:3:  serial_swamp_ruin, hangedman_swamp_ruin_wall,
          hangedman_swamp_ruin_hall, evilmike_swamp_ruin_house_6, swamp_pool5,
          uniq_aizul, uniq_donald
Swamp:4:  swamp_alternative
Orc:1:    nicolae_orc_accident_2, basic_altar, serial_shops, shop, uniq_erolcha,
          uniq_fannar
Orc:2:    grunt_orc_community_town_hall, grunt_orc_community_big_house_2,
          grunt_orc_community_big_house_1, grunt_orc_community_house_1,
          grunt_orc_community_house_1, grunt_orc_community_house_1,
          grunt_orc_community_house_1, grunt_orc_community_house_3,
          grunt_orc_community_house_1, lab_entry_generic, serial_shops, shop,
          gammafunk_ghost_necromancy, uniq_rupert
Vaults:1: vaults_room_large_hall, v_misc_27, vaults_dpeg_ring,
          vaults_room_semicircle, nicolae_vaults_mini_display_case, v_misc_8,
          nicolae_vaults_circle_grid_a, ontoclasm_vaults_pinch, v_misc_29,
          ontoclasm_vaults_decontamination, nicolae_vaults_little_squares_4,
          dpeg_vaults_monster_box, hangedman_vaults_maws,
          portal_desolation_entry_salt
Lab:      labyrinth_hidden_loot, nicolae_lab_garden, nicolae_lab_plus,
          labyrinth_lava_lair, nicolae_lab_lava, nicolae_lab_x
Sewer:    sewer_frog_island_01
Ossuary:  minmay_ossuary_gauntlet

Skill      XL: |  1  2  3  4  5  6  7  8  9 10 11 12 13 14 15 16 17 18 |
---------------+-------------------------------------------------------+-----
Stealth        | 1 2 3 4 5 6 8 10 11 12 14 15 16 17 18 19 20 | 20.4
Fighting       | 4 5 6 7 8 9 10 11 12 13 14 15 | 15.3
Dodging        | 4 5 6 7 8 9 10 11 12 13 14 15 | 15.4
Unarmed Combat | 3 4 5 6 7 8 9 10 11 12 13 | 13.2
Evocations     | 2 4 5 6 7 8 9 10 11 | 11.2
Shields        | 4 5 6 7 8 9 10 | 10.8
Invocations    | 2 4 5 |  5.7

Action                   |  1- 3 |  4- 6 |  7- 9 | 10-12 | 13-15 | 16-18 || total
-------------------------+-------+-------+-------+-------+-------+-------++-------
Melee: Unarmed           |    85 |   158 |   365 |   684 |  1170 |   839 ||  3301
       Constrict         |    27 |    51 |    70 |    80 |   151 |   129 ||   508
       Tentacles         |    21 |    39 |    98 |   196 |   488 |   349 ||  1191
       Punch             |     1 |     3 |    16 |    44 |   153 |   181 ||   398
 Fire: Hand crossbow     |       |       |       |       |       |    31 ||    31
Invok: Shadow Step       |       |       |       |     2 |     1 |       ||     3
Evoke: Wand              |       |       |    13 |    52 |    27 |    67 ||   159
       Phial of floods   |       |       |       |     2 |     4 |     6 ||    12
       Lamp of fire      |       |       |       |       |       |     4 ||     4
       Box of beasts     |       |       |       |       |       |     1 ||     1
  Use: Potion            |       |       |       |     1 |     8 |     5 ||    14
       Scroll            |       |       |       |       |    37 |     8 ||    45
 Stab: Sleeping          |     9 |    18 |    34 |    29 |    94 |    64 ||   248
       Distracted        |       |       |     3 |    11 |    16 |    16 ||    46
       Confused          |       |       |       |     2 |       |     1 ||     3
       Paralysed         |       |       |       |     9 |    21 |     4 ||    34
       Petrified         |       |       |       |       |     3 |       ||     3
  Eat: Chunk             |       |     6 |    14 |    24 |    43 |    26 ||   113
       Ration            |       |       |     1 |     1 |     1 |     4 ||     7
Armor: Skin              |     8 |     3 |     8 |    11 |    26 |    10 ||    66
Dodge: Dodged            |    28 |    42 |   125 |   300 |   548 |   472 ||  1515
Block: Shield            |    29 |    63 |   161 |   399 |   742 |   584 ||  1978
       Reflection        |       |       |     7 |     4 |    16 |    10 ||    37
       Other             |       |       |       |       |     9 |     1 ||    10

Table legend:
 A = Spawn XP
 B = Non-spawn XP
 C = Spawn XP percentage of total XP
 D = Spawn monster count
 E = Non-spawn monster count
 F = Spawn count percentage of total count
 G = Total turns spent on level
                    A         B        C        D         E        F      G
               +---------+---------+-------+---------+---------+-------+---------
         Total |       0 |  297091 |   0.0 |       0 |    1196 |   0.0 | 42509
               +---------+---------+-------+---------+---------+-------+---------
           D:1 |       0 |      62 |   0.0 |       0 |      33 |   0.0 |   921
           D:2 |       0 |      56 |   0.0 |       0 |      19 |   0.0 |   722
           D:3 |       0 |     222 |   0.0 |       0 |      32 |   0.0 |   852
           D:4 |       0 |     606 |   0.0 |       0 |      30 |   0.0 |  1195
           D:5 |       0 |     780 |   0.0 |       0 |      23 |   0.0 |   738
           D:6 |       0 |    1015 |   0.0 |       0 |      23 |   0.0 |  1248
           D:7 |       0 |    1280 |   0.0 |       0 |      23 |   0.0 |  1093
           D:8 |       0 |    1301 |   0.0 |       0 |       9 |   0.0 |   901
           D:9 |       0 |    7293 |   0.0 |       0 |      56 |   0.0 |  2091
          D:10 |       0 |    4448 |   0.0 |       0 |      32 |   0.0 |  1786
          D:11 |       0 |    7494 |   0.0 |       0 |      41 |   0.0 |  1057
          D:12 |       0 |    5670 |   0.0 |       0 |      43 |   0.0 |  1525
          D:13 |       0 |   11863 |   0.0 |       0 |      64 |   0.0 |   947
          D:14 |       0 |    8044 |   0.0 |       0 |      37 |   0.0 |   792
          D:15 |       0 |   40090 |   0.0 |       0 |      82 |   0.0 |  2823
        Lair:1 |       0 |    4418 |   0.0 |       0 |      22 |   0.0 |  1243
        Lair:2 |       0 |    2358 |   0.0 |       0 |      15 |   0.0 |   984
        Lair:3 |       0 |    4795 |   0.0 |       0 |      21 |   0.0 |  1755
        Lair:4 |       0 |    6573 |   0.0 |       0 |      27 |   0.0 |  1698
        Lair:5 |       0 |   13349 |   0.0 |       0 |      54 |   0.0 |  2735
        Lair:6 |       0 |   19816 |   0.0 |       0 |      56 |   0.0 |  2671
       Swamp:1 |       0 |    8996 |   0.0 |       0 |      26 |   0.0 |   924
       Swamp:2 |       0 |   16155 |   0.0 |       0 |      40 |   0.0 |  1818
       Swamp:3 |       0 |   15941 |   0.0 |       0 |      39 |   0.0 |  1725
       Swamp:4 |       0 |   38298 |   0.0 |       0 |      77 |   0.0 |  2104
         Orc:1 |       0 |    1878 |   0.0 |       0 |      15 |   0.0 |  1111
         Orc:2 |       0 |   11562 |   0.0 |       0 |      83 |   0.0 |  1137
      Vaults:1 |       0 |   19762 |   0.0 |       0 |      36 |   0.0 |  1154
           Lab |       0 |    2345 |   0.0 |       0 |       9 |   0.0 |   393
         Sewer |       0 |     179 |   0.0 |       0 |      20 |   0.0 |   191
       Ossuary |       0 |      78 |   0.0 |       0 |      16 |   0.0 |   154
    Desolation |       0 |   40364 |   0.0 |       0 |      93 |   0.0 |  1855
               +---------+---------+-------+---------+---------+-------+---------
